 Dungeon Sprint DCSS version 0.31-a0-920-g28cbb04a8c (webtiles) character file.

Game seed: 9747650073100636660

553 sircluck the Grappler (level 7, -2/79 HPs)
             Began as a Troll Berserker on Oct 17, 2023.
             Was an Elder of Trog.
             Slain by a demonic crawler (14 damage)
             ... in the Dungeon (Sprint VII: "The Pits").
             The game lasted 00:00:51 (285 turns).

sircluck the Grappler (Troll Berserker)              Turns: 285, Time: 00:00:52

Health: -2/79      AC:  4    Str: 28    XL:     7   Next: 8%
Magic:  6/6        EV: 11    Int:  3    God:    Trog [****..]
Gold:   0          SH:  0    Dex:  9    Spells: 6/6 levels left

rFire   . .          .
                       - Unarmed
rCold   . . .        (no shield)
rNeg    . . .        a - +0 animal skin
rPois   .            (helmet restricted)
rElec   .            (no cloak)
rCorr   .            (gloves unavailable)
SInv    .            (boots unavailable)
Will    .....        (no amulet)
Stlth   +            (no ring)
HPRegen 1.13/turn    (no ring)
MPRegen 0.10/turn

%: no teleportation
@: on berserk cooldown, slowed, very slow
A: large, unfitting armour, claws 3, regeneration 1, shaggy fur 1, tough skin 1
a: Renounce Religion, Berserk, Trog's Hand, Brothers in Arms


You were in the Dungeon.
You worshipped Trog.
Trog was greatly pleased with you.
You visited 1 branch

Inventory:

Armour
 a - a +0 animal skin (worn)
Scrolls
 g - a scroll of blinking
 i - 2 scrolls of vulnerability
 j - a scroll of summoning
Potions
 b - 6 potions of curing
 c - 6 potions of heal wounds
 d - a potion of haste
 e - 4 potions of magic
 f - 3 potions of berserk rage
 h - 2 potions of invisibility


   Skills:
 + Level 7.9 Fighting
 + Level 7.8 Dodging
 + Level 9.3 Unarmed Combat


You had 6 spell levels left.
You didn't know any spells.
Your spell library was empty.

Dungeon Overview and Level Annotations

Branches:
Dungeon (1/1)

Altars:
Ashenzari
Cheibriados
Dithmenos
Elyvilon
Fedhas
Gozag
Hepliaklqana
Kikubaaqudgha
Makhleb
Nemelex Xobeh
Okawaru
Qazlal
Ru
Sif Muna
Trog
Uskayaw
Vehumet
Wu Jian
Xom
Yredelemnul
Zin
The Shining One
Jiyva
Lugonu


Innate Abilities, Weirdness & Mutations

You are too large for most types of armour.
You have claws for hands.
Your natural rate of healing is unusually fast.
You are covered in fur. (AC +1)
You have tough skin. (AC +1)


Message History

You have reached level 7!
Unknown command.
As you open the door, it creaks loudly!
A demonic crawler comes into view.
The demonic crawler gives a hideous shriek!
You claw the demonic crawler!
The demonic crawler is lightly wounded.
The demonic crawler closely misses you. x2; The demonic crawler hits you!
A red film seems to cover your vision as you go berserk!
You feel yourself moving faster!
You feel mighty! The demonic crawler barely misses you.
The demonic crawler hits you! The demonic crawler closely misses you.
You claw the demonic crawler!
The demonic crawler is moderately wounded.
The demonic crawler barely misses you. The demonic crawler hits you! x2
You are too injured to fight recklessly!
You are too injured to fight recklessly!
You scratch the demonic crawler.
The demonic crawler is lightly wounded.
The demonic crawler completely misses you.
The demonic crawler hits you! The demonic crawler hits you.
* * * LOW HITPOINT WARNING * * *
You claw the demonic crawler!
The demonic crawler is moderately wounded.
The demonic crawler hits you.
* * * LOW HITPOINT WARNING * * *
The demonic crawler hits you!
* * * LOW HITPOINT WARNING * * *
The demonic crawler hits you.
* * * LOW HITPOINT WARNING * * *
Unknown command.
You feel a strong urge to attack something.
You feel your anger nearly subside.
You are no longer berserk.
You are exhausted.
You feel yourself slow down.
Your two-headed ogre goes berserk!
Trog will no longer gift you weapons. The demonic crawler barely misses you.
The demonic crawler misses you. The demonic crawler hits you!
You die...

#.#...†....##.......#
#'###########.......#
#...†...# #########
#..###..# #.......#
##.###.##+#
#.......#.+
#..###O.#'#
#...@s..'.#
###########


You could see a demonic crawler (ally target) and a friendly two-headed ogre
(summoned, berserk).

Vanquished Creatures
  Prince Ribbit (D)
  A warg (D)
  Edmund (D)
  An ogre (D)
  An iguana (D)
  A river rat (D)
  An ufetubus (D)
  2 orcs (D)
  An endoplasm (D)
  2 hobgoblins (D)
  3 jackals (D)
  2 quokkas (D)
  A ball python (D)
18 creatures vanquished.

Notes
Turn   | Place    | Note
-------+----------+-------------------------------------------
     0 | D        | sircluck the Troll Berserker began the quest for the Orb.
     0 | D        | Reached XP level 1. HP: 22/22 MP: 0/0
    22 | D        | Found a bloodstained altar of Trog.
    22 | D        | Found a shimmering blue altar of Sif Muna.
    22 | D        | Found a viscous altar of Jiyva.
    22 | D        | Found a hazy altar of Hepliaklqana.
    22 | D        | Found an opulent altar of Gozag.
    23 | D        | Found a glowing golden altar of the Shining One.
    23 | D        | Found a glowing silver altar of Zin.
    23 | D        | Found a basalt altar of Yredelemnul.
    23 | D        | Found a shimmering altar of Xom.
    23 | D        | Found an ornate altar of the Wu Jian Council.
    23 | D        | Found a sacrificial altar of Ru.
    23 | D        | Found a stormy altar of Qazlal.
    23 | D        | Found an iron altar of Okawaru.
    23 | D        | Found a sparkling altar of Nemelex Xobeh.
    23 | D        | Found a burning altar of Makhleb.
    23 | D        | Found a blossoming altar of Fedhas.
    23 | D        | Found a white marble altar of Elyvilon.
    23 | D        | Found a shadowy altar of Dithmenos.
    23 | D        | Found a snail-covered altar of Cheibriados.
    26 | D        | Found a corrupted altar of Lugonu.
    26 | D        | Found a radiant altar of Vehumet.
    27 | D        | Found an ancient bone altar of Kikubaaqudgha.
    27 | D        | Found a hide-covered altar of Uskayaw.
    27 | D        | Found a broken altar of Ashenzari.
    66 | D        | Reached ** piety under Trog
    78 | D        | Reached XP level 2. HP: 31/31 MP: 1/1
    78 | D        | Reached *** piety under Trog
    91 | D        | Reached skill level 4 in Unarmed Combat
    95 | D        | Reached **** piety under Trog
   151 | D        | Noticed an ogre
   151 | D        | Noticed Edmund
   171 | D        | Killed Edmund
   172 | D        | Reached skill level 5 in Fighting
   172 | D        | Reached skill level 5 in Dodging
   172 | D        | Reached skill level 6 in Unarmed Combat
   172 | D        | Reached XP level 3. HP: 42/42 MP: 2/2
   172 | D        | Reached XP level 4. HP: 50/50 MP: 3/3
   174 | D        | Killed an ogre
   175 | D        | Reached skill level 7 in Unarmed Combat
   175 | D        | Reached XP level 5. HP: 59/59 MP: 4/4
   186 | D        | Noticed Prince Ribbit
   226 | D        | Killed Prince Ribbit
   226 | D        | Reached ***** piety under Trog
   227 | D        | Reached skill level 8 in Unarmed Combat
   227 | D        | Reached XP level 6. HP: 52/71 MP: 5/5
   254 | D        | Noticed a warg
   258 | D        | Killed a warg
   259 | D        | Reached skill level 9 in Unarmed Combat
   259 | D        | Reached XP level 7. HP: 62/79 MP: 6/6
   275 | D        | Noticed a demonic crawler
   285 | D        | Slain by a demonic crawler

Illustrated notes

Levels and vault maps discovered:
D:        pitsprint [storerooms_1, entrance_room_1, metal_vault_7, armoury_3,
          mini_pit_1, grid_room_1, main_hall_1, silver_pit, the_coven_2,
          the_vestibule_1, steel_vault_3, golden_pit, hallway_of_sentries,
          crystal_vault_4, iron_vault_4, final_vault]

Skill      XL: |  1  2  3  4  5  6 |
---------------+-------------------+-----
Fighting       | 3 5 6 7 |  7.9
Dodging        | 3 5 6 7 |  7.8
Unarmed Combat | 6 7 8 9 |  9.3

Action                     |  1- 3 |  4- 6 |  7- 9 || total
---------------------------+-------+-------+-------++-------
  Melee: Unarmed           |    30 |    18 |     4 ||    52
         Punch             |     2 |     1 |       ||     3
 Invoke: Berserk           |     1 |       |     1 ||     2
         Brothers in Arms  |       |       |     1 ||     1
 Armour: Animal skin       |    20 |    16 |    10 ||    46
  Dodge: Dodged            |    24 |    11 |     8 ||    43

Table legend: (Time is in decaauts)
 A = Elapsed time spent in this place.
 B = Non-inter-level travel time spent in this place.
 C = Inter-level travel time spent in this place.
 D = Time resting spent in this place.
 E = Time spent auto-exploring this place.
 F = Levels seen in this place.
 G = Mean time per level.
                   A        B        C        D        E       F      G
               +--------+--------+--------+--------+--------+-----+--------+
         Total |    290 |    290 |      0 |     21 |    119 |   1 |  290.0 |
       Dungeon |    290 |    290 |      0 |     21 |    119 |   1 |  290.0 |
               +--------+--------+--------+--------+--------+-----+--------+

Top non-repeatable levels by time:
       D: 290 daAuts
